 Dungeon Crawl Stone Soup version 0.22.1-2-g9c5b331 (webtiles) character file.

6364 MalarOregon the Spear-Bearer (level 10, -11/71 HPs)
             Began as a Merfolk Ice Elementalist on Nov 20, 2018.
             Was a Believer of Hepliaklqana.
             Mangled by a sun demon (14 damage)
             ... summoned by a kobold demonologist
             ... on level 10 of the Dungeon.
             The game lasted 00:27:21 (13137 turns).

MalarOregon the Spear-Bearer (MfIE)                Turns: 13137, Time: 00:27:22

Health: -11/71     AC: 10    Str:  9    XL:     10   Next: 97%
Magic:  18/20      EV: 20    Int: 17    God:    Hepliaklqana [**....]
Gold:   445        SH:  0    Dex: 22    Spells: 5/22 levels left

rFire    . . .     SeeInvis .   s - +9 scythe of Wu Jian's Hatred {freeze, +Rage Dex+7}
rCold    . . .     Gourm    .   (shield currently unavailable)
rNeg     . . .     Faith    .   v - +0 robe
rPois    .         Spirit   .   (no helmet)
rElec    .         Reflect  .   (no cloak)
rCorr    .         Harm     .   i - +1 pair of gloves
MR       .....                  I - +2 pair of boots
Stlth    +++.......             (no amulet)
HPRegen  0.21/turn              E - +3 ring of protection
MPRegen  0.17/turn              l - ring of wizardry

@: no status effects
A: change form in water, swift swim, stealthy swim, reduced essence
a: Recall Ancestor, Ancestor Identity, Renounce Religion, Evoke Berserk Rage


You were on level 10 of the Dungeon.
You worshipped Hepliaklqana.
Hepliaklqana was pleased with you.
You were not hungry.

You visited 2 branches of the dungeon, and saw 11 of its levels.

You collected 445 gold pieces.

Inventory:

Hand Weapons
 a - a +3 spear of draining
   (You found it on level 3 of the Dungeon)
 s - the +9 scythe of Wu Jian's Hatred (weapon) {freeze, +Rage Dex+7}
   (You found it on level 9 of the Dungeon)

   It has been specially enchanted to freeze those struck by it, causing extra
   injury to most foes and up to half again as much damage against particularly
   susceptible opponents.
   It can also slow down cold-blooded creatures.
   It affects your dexterity (+7).
   It lets you go berserk.
 L - a +0 blowgun
   (You took it off a kobold on level 10 of the Dungeon)
Missiles
 f - 77 poisoned needles
 q - 13 tomahawks (quivered)
 r - 2 throwing nets {!f}
 t - 12 javelins
 y - 4 silver javelins
 K - 2 curare-tipped needles {!f}
Armour
 i - a +1 pair of gloves (worn)
   (You found it on level 1 of the Dungeon)
 v - a +0 robe (worn)
 I - a +2 pair of boots (worn)
   (You found it on level 9 of the Dungeon)
 J - a +0 large shield
   (You found it on level 10 of the Dungeon)
Jewellery
 l - a ring of wizardry (right hand)
   (You found it on level 2 of the Dungeon)
 o - an uncursed ring of protection from cold
   (You found it on level 2 of the Dungeon)
 p - an uncursed ring of poison resistance
   (You took it off a goblin on level 2 of the Dungeon)
 C - a cursed ring of protection from cold
   (You found it on level 10 of the Dungeon)
 E - a +3 ring of protection (left hand)
   (You found it on level 7 of the Dungeon)
Wands
 d - a wand of iceblast (11)
   (You found it on level 7 of the Dungeon)
 x - a wand of acid (16)
   (You found it on level 5 of the Dungeon)
 B - a wand of enslavement (11)
   (You found it on level 6 of the Dungeon)
Scrolls
 c - 2 scrolls of identify {@r1}
 h - 6 scrolls of teleportation {@r4}
 j - 2 scrolls of fear
 m - 10 scrolls of remove curse {@r2}
 D - a scroll of blinking
Potions
 b - a potion of berserk rage
 g - a potion of ambrosia
 k - 4 potions of brilliance
 n - 2 potions of flight {unknown}
 u - a potion of haste {unknown}
 w - 3 potions of curing {@q1}
 z - 2 potions of cancellation {unknown}
 A - 2 potions of might
 F - a potion of agility {unknown}
 G - a potion of mutation {unknown}
 H - a potion of lignification {unknown}
Comestibles
 e - 16 rations {!d}
 M - 4 chunks of flesh


   Skills:
 + Level 7.1 Fighting
 * Level 12.3 Polearms
 + Level 9.1 Dodging
 - Level 3.0 Stealth
 + Level 6.6 Spellcasting
 - Level 1.1 Conjurations
 + Level 8.0 Ice Magic


You had 5 spell levels left.
You knew the following spells:

 Your Spells              Type           Power        Failure   Level  Hunger
a - Freeze                Ice            ####         1%          1    None
b - Ozocubu's Armour      Chrm/Ice       ###.....     2%          3    ##.....
c - Throw Icicle          Conj/Ice       ###.....     8%          4    ####...
d - Summon Ice Beast      Ice/Summ       ###.....     9%          4    ####...
f - Mephitic Cloud        Conj/Pois/Air  #.......     12%         3    ##.....
x - Throw Frost           Conj/Ice       ###...       1%          2    None

Your spell library contained the following spells:

 Spells                   Type           Power        Failure   Level  Hunger
 Magic Dart               Conj           #...         3%          1    None
 Flame Tongue             Conj/Fire      #....        4%          1    None
 Blink                    Tloc           N/A          8%          2    None
 Call Imp                 Summ           #.......     8%          2    None
 Slow                     Hex            #.......     8%          2    None
 Conjure Flame            Conj/Fire      #.......     12%         3    ##.....
 Ozocubu's Refrigeration  Ice            ####......   26%         6    #######
 Ignition                 Fire           #.........   100%        8    #######


Dungeon Overview and Level Annotations

Branches:
Dungeon (10/15)            Temple (1/1) D:6            Lair (0/6) D:8
    Orc: D:9-12

Altars:
Ashenzari
Cheibriados
Dithmenos
Elyvilon
Fedhas
Gozag
Hepliaklqana
Kikubaaqudgha
Makhleb
Nemelex Xobeh
Okawaru
Qazlal
Ru
Sif Muna
Trog
Uskayaw
Vehumet
Wu Jian
Xom
Yredelemnul
Zin
The Shining One


Message History

A kobold demonologist comes into view. It is wielding a dagger.
The kobold demonologist shouts! x2; The adder hisses angrily.
A kobold comes into view. It is wielding a club.
The kobold demonologist looks braver for a moment.
The kobold throws a stone.
The stone misses you.
There is an open door here.
You see here a stone.
The kobold throws a stone.
The stone completely misses you.
You see here a stone.
Attack whom?
Aim: an adder You reach to attack!
The kobold shouts!
You slash the adder! You freeze the adder.
You kill the adder!
The kobold demonologist miscasts a cantrip.
The kobold throws a stone.
The stone closely misses you.
The kobold demonologist gestures wildly while chanting.
The kobold throws a stone.
The stone misses you.
The kobold throws a stone.
The stone closely misses you.
You hit the sun demon but do no damage.
Tlaloc gestures at the kobold demonologist while chanting.
The stone arrow hits the kobold demonologist.
The sun demon hits you.
You are engulfed in flames!
The kobold demonologist barely misses you.
Aim: a kobold demonologist, wielding a dagger and wearing a robe You freeze the kobold demonologist.
The kobold demonologist barely misses you.
The sun demon closely misses you.
Tlaloc closely misses the kobold demonologist.
The kobold demonologist misses you.
Aim: a kobold demonologist, wielding a dagger and wearing a robe (lightly You freeze the kobold demonologist.
The sun demon hits you!!
* * * LOW HITPOINT WARNING * * *
You are engulfed in flames!
* * * LOW HITPOINT WARNING * * *
The kobold demonologist barely misses you.
Tlaloc hits the kobold demonologist with a quarterstaff!
The kobold demonologist miscasts a cantrip.
The sun demon completely misses you.
The kobold demonologist hits Tlaloc with a dagger.
Tlaloc hits the kobold demonologist with a quarterstaff.
The kobold demonologist hits Tlaloc with a dagger.
The kobold throws a stone.
The stone hits you.
* * * LOW HITPOINT WARNING * * *
The kobold demonologist hits Tlaloc but does no damage.
The sun demon hits you!
* * * LOW HITPOINT WARNING * * *
You are engulfed in flames!
You die...

#.......# #... #
#.......# #...# #
+.......# #...# #
#.......# #...# #
#.......# #...# #
#...KKK.# #...# #
. #....R..#
#...##### ..
#....K3.#
#...'...# ##...
#####@###
##...###.# .....
#.#######....# #.#
.....
#.........#### #.#
.....
################.#
..... .........
..... #######.#
..... #........
..### #.#######
+## .......


You could see the friendly Tlaloc the battlemage, a sun demon, 2 kobold
demonologists and 2 kobolds.

Vanquished Creatures
  A two-headed ogre (D:9)
  Urug (D:10)
  A red devil (D:9)
  2 hippogriffs
  Grum (D:8)
  Duvessa (D:5)
  2 black bears
  2 phantoms
  A sky beast (D:7)
  5 ogres
  3 wolves (D:8)
  5 centaurs
  2 big kobolds
  A gnoll sergeant (D:7)
  4 bullfrogs
  Dowan (D:5)
  A scorpion (D:10)
  A water moccasin skeleton (D:6)
  5 killer bees (D:10)
  2 howler monkeys
  3 electric eels
  2 crimson imps
  A bullfrog zombie (D:6)
  3 centaur zombies
  4 orc priests
  3 hounds
  4 orc wizards
  3 jellies
  2 bullfrog skeletons
  6 worker ants
  2 iguanas
  A killer bee zombie (D:10)
  5 gnolls (D:7)
  13 adders
  A howler monkey skeleton (D:4)
  3 shadow imps
  3 oozes (D:1)
  An adder skeleton (D:4)
  4 worms
  4 dart slugs
  6 leopard geckos
  29 orcs
  6 bats
  6 giant cockroaches
  11 goblins
  8 hobgoblins
  3 jackals (D:3)
  20 kobolds
  6 quokkas
  6 ball pythons
  5 frilled lizards
  A giant cockroach zombie (D:5)
  A leopard gecko skeleton (D:8)
  2 leopard gecko zombies
  7 rats
227 creatures vanquished.

Vanquished Creatures (collateral kills)
  A sky beast (D:10)
  An ice beast (D:5)
  An orc warrior (D:9)
  3 wights (D:7)
  A howler monkey (D:10)
  An electric eel (D:8)
  A quasit (D:9)
  A centaur skeleton (D:8)
  An orc priest (D:9)
  An orc wizard (D:9)
  A worker ant (D:5)
  A hound skeleton (D:9)
  A shadow imp (D:7)
  An orc (D:9)
16 creatures vanquished.

Vanquished Creatures (others)
  2 battlemagi (D:9)
2 creatures vanquished.

Grand Total: 245 creatures vanquished

Notes
Turn   | Place    | Note
-------+----------+-------------------------------------------
     0 | D:1      | MalarOregon the Merfolk Ice Elementalist began the quest
                  | for the Orb.
     0 | D:1      | Reached XP level 1. HP: 13/13 MP: 3/3
     6 | D:1      | Noticed a komodo dragon
     6 | D:1      | Noticed a tyrant leech
     6 | D:1      | Noticed a soldier ant
     6 | D:1      | Noticed a yaktaur
   234 | D:1      | Reached XP level 2. HP: 20/20 MP: 3/5
   281 | D:1      | Learned a level 2 spell: Throw Frost
   581 | D:1      | Reached XP level 3. HP: 10/25 MP: 0/6
   861 | D:1      | Reached skill level 1 in Fighting
  1380 | D:2      | Found a snail-covered altar of Cheibriados.
  1393 | D:2      | Learned a level 3 spell: Ozocubu's Armour
  1419 | D:2      | Reached XP level 4. HP: 29/32 MP: 0/8
  1586 | D:2      | You fall through a shaft!
  1833 | D:2      | Reached XP level 5. HP: 37/38 MP: 7/9
  2422 | D:3      | Reached skill level 1 in Polearms
  3067 | D:3      | Reached skill level 2 in Polearms
  3067 | D:3      | Reached XP level 6. HP: 31/44 MP: 8/11
  3366 | D:4      | Noticed a phantom
  3430 | D:4      | Killed a phantom
  3430 | D:4      | Reached skill level 3 in Polearms
  3823 | D:4      | Reached XP level 7. HP: 51/51 MP: 12/12
  4311 | D:4      | Reached skill level 4 in Polearms
  4551 | D:5      | Entered Level 5 of the Dungeon
  4973 | D:5      | Learned a level 4 spell: Summon Ice Beast
  4978 | D:5      | Learned a level 4 spell: Throw Icicle
  5235 | D:5      | Reached skill level 5 in Polearms
  5235 | D:5      | Reached skill level 5 in Dodging
  5298 | D:5      | Reached skill level 5 in Ice Magic
  5324 | D:5      | Reached XP level 8. HP: 42/60 MP: 14/14
  5514 | D:5      | Noticed Dowan
  5515 | D:5      | Noticed Duvessa
  5528 | D:5      | Killed Duvessa
  5528 | D:5      | Reached skill level 6 in Polearms
  5545 | D:5      | Killed Dowan
  6172 | D:6      | Reached skill level 7 in Polearms
  6872 | D:6      | Reached skill level 8 in Polearms
  7059 | D:6      | Found a shadowy altar of Dithmenos.
  7133 | D:6      | Found a staircase to the Ecumenical Temple.
  7274 | D:6      | Reached skill level 5 in Spellcasting
  7274 | D:6      | Reached XP level 9. HP: 49/67 MP: 16/16
  7553 | Temple   | Entered the Ecumenical Temple
  7759 | Temple   | Became a worshipper of Hepliaklqana the Forgotten
  7911 | D:7      | Reached skill level 5 in Fighting
  8060 | D:7      | Reached skill level 9 in Polearms
  8073 | D:7      | HP: 3/61 [orc priest/divine providence (13)]
  8691 | D:7      | Identified the Reference Book on Congealing Heat
  8876 | D:7      | Learned a level 3 spell: Mephitic Cloud
  9025 | D:7      | You fall through a shaft!
  9361 | D:8      | Reached * piety under Hepliaklqana
  9501 | D:8      | Reached skill level 10 in Polearms
  9798 | D:8      | Found a staircase to the Lair.
  9913 | D:8      | Reached skill level 1 in Conjurations
  9918 | D:8      | Noticed Grum
  9944 | D:8      | Killed Grum
  9944 | D:8      | Reached XP level 10. HP: 26/68 MP: 11/18
 10486 | D:7      | HP: 3/68 [shadow imp/nerve-wracking pain (8)]
 11178 | D:9      | Reached ** piety under Hepliaklqana
 11199 | D:9      | Remembered your ancestor Tlaloc as a battlemage
 11260 | D:9      | Found a burning altar of Makhleb.
 11261 | D:9      | Noticed an orange demon
 11295 | D:9      | Reached skill level 11 in Polearms
 11477 | D:9      | Noticed a two-headed ogre
 11492 | D:9      | Killed a two-headed ogre
 12018 | D:9      | Got a shimmering scythe
 12373 | D:10     | Entered Level 10 of the Dungeon
 12457 | D:10     | Identified the +9 scythe of Wu Jian's Hatred {freeze, +Rage
                  | Dex+7} (You found it on level 9 of the Dungeon)
 12725 | D:10     | Reached skill level 12 in Polearms
 12769 | D:10     | Noticed Urug
 12780 | D:10     | Killed Urug
 13128 | D:10     | Noticed a kobold demonologist
 13129 | D:10     | Noticed a kobold demonologist
 13133 | D:10     | Noticed a sun demon
 13137 | D:10     | HP: 3/71 [sun demon[a kobold demonologist] (12)]
 13137 | D:10     | Mangled by a sun demon

Skill      XL: |  1  2  3  4  5  6  7  8  9 10 |
---------------+-------------------------------+-----
Dodging        | 3 4 5 6 7 9 |  9.1
Fighting       | 1 2 3 4 5 7 |  7.1
Stealth        | 3 |  3.0
Spellcasting   | 3 4 5 6 |  6.6
Polearms       | 2 3 5 8 10 12 | 12.3
Ice Magic      | 4 5 6 8 |  8.0
Conjurations   | 1 |  1.1

Action                   |  1- 3 |  4- 6 |  7- 9 | 10-12 || total
-------------------------+-------+-------+-------+-------++-------
Melee: Unarmed           |    15 |       |       |       ||    15
       Dagger            |    77 |    31 |       |       ||   108
       Spear             |       |   101 |   445 |   126 ||   672
       Tailslap          |       |       |     1 |       ||     1
       Scythe            |       |       |       |    42 ||    42
 Cast: Freeze            |    40 |    53 |    16 |     6 ||   115
       Throw Frost       |       |     6 |    21 |     7 ||    34
       Ozocubu's Armour  |       |     2 |     3 |     2 ||     7
       Summon Ice Beast  |       |       |     2 |     6 ||     8
       Mephitic Cloud    |       |       |       |     4 ||     4
Invok: Recall Ancestor   |       |       |     2 |       ||     2
       Ancestor Life: Ba |       |       |       |     1 ||     1
  Use: Scroll            |     3 |     5 |     6 |     4 ||    18
       Potion            |       |     1 |     2 |       ||     3
 Stab: Sleeping          |       |    11 |     8 |    12 ||    31
       Distracted        |       |       |     2 |     2 ||     4
  Eat: Chunk             |     2 |     6 |    16 |    11 ||    35
       Ration            |       |     1 |     1 |       ||     2
Armor: Robe              |    21 |    22 |    42 |    10 ||    95
Dodge: Dodged            |    94 |    99 |   205 |    95 ||   493
